cohdb
Replays
Latest Replays
All Replays
Popular Replays
Top Player Replays
Match Explorer
How It Works
Community
CoH3 Stats
Reddit
Sign in to upload your games and track your stats! →
Sign in with Steam
Match 27275401
Unlisted
Match 27275401
Overview
Messages
Build Orders
End
Kettenkrad Recon Vehicle
Selects Luftwaffe Battlegroup
Selects Luftwaffe Pioneer Support
Construct Infanterie Kompanie
Grenadier Squad
MG 42 Machine Gun Team
Grenadier Squad
Medical Station
Construct Panzergrenadier Kompanie
Selects LG40 Recoilless Gun Paradrop
LG40 Recoilless Gun Paradrop
GrW 34 Mortar Team
Panzergrenadier Squad
LG40 Recoilless Gun Paradrop
Panzergrenadier Officer Quarters
Support Elements
Construct Panzer Kompanie
LG40 Recoilless Gun Paradrop
Selects Infantry Reserves
Sturmpanzer IV Brummbär
DIV 250 BigBoss
^3
noony2351
truthrunsdeep
0
0
Comments
sign in to comment!
No comments posted yet!